 Dungeon Crawl Stone Soup version 0.20.0-10-g0535bb4 (console) character file.

96 bli the Conjurer (level 4, -2/35 HPs)
             Began as a Draconian Conjurer on June 3, 2017.
             Was an Initiate of Vehumet.
             Slain by a river rat (4 damage)
             ... in a sewer.
             The game lasted 00:11:38 (1695 turns).

bli the Conjurer (Draconian Conjurer)               Turns: 1695, Time: 00:11:39

Health: -2/35      AC:  6    Str: 10    XL:     4   Next: 41%
Magic:  5/8        EV: 12    Int: 22    God:    Vehumet [......]
Gold:   112        SH:  0    Dex: 11    Spells: 5/8 levels left

rFire    . . .     SeeInvis .   e - +1 whip (elec)
rCold    . . .     Gourm    .   (no shield)
rNeg     . . .     Faith    .   (armour unavailable)
rPois    .         Spirit   .   (helmet restricted)
rElec    .         Reflect  .   (no cloak)
rCorr    .         Harm     .   c - +0 pair of gloves
MR       .....                  (no boots)
Stlth    ++........             (no amulet)
Regen    0.2/turn               o - +5 ring of intelligence
MPRegen  0.2/turn               (no ring)

@: no status effects
A: unfitting armour, cold-blooded, AC +5
a: Renounce Religion


You were in a sewer.
You worshipped Vehumet.
Vehumet was noncommittal.
You were hungry.

You visited 1 branch of the dungeon, and saw 3 of its levels.
You also visited: Sewer.

You collected 112 gold pieces.

Inventory:

Hand Weapons
 e - a +1 whip of electrocution (weapon)
Missiles
 d - 115 stones (quivered)
Armour
 c - a +0 pair of gloves (worn)
Jewellery
 o - a +5 ring of intelligence (left hand)
Scrolls
 f - 2 scrolls of identify {unknown}
 h - a scroll of teleportation {unknown}
 k - a scroll of random uselessness {unknown}
 p - a scroll of enchant armour {unknown}
 s - a scroll of amnesia {unknown}
Potions
 g - a potion of cancellation {unknown}
 i - a potion of lignification {unknown}
 j - a potion of might {unknown}
 l - 2 potions of mutation {unknown}
 n - a potion of invisibility {unknown}
Books
 a - a book of Conjurations

   Spells                             Type                      Level
   a - Magic Dart                     Conjuration                  1
   b - Searing Ray                    Conjuration                  2
   c - Dazzling Spray                 Conjuration/Hexes            3
   d - Fulminant Prism                Conjuration/Hexes            4
   e - Force Lance                    Conjuration/Translocation    4
   f - Iskenderun's Mystic Blast      Conjuration                  4
Comestibles
 b - 4 bread rations
 m - a royal jelly
 q - a meat ration
 r - 6 chunks of flesh


   Skills:
 + Level 1.2 Fighting
 + Level 0.6 Maces & Flails
 + Level 2.1 Dodging
 + Level 1.7 Stealth
 * Level 2.9 Spellcasting
 + Level 4.8 Conjurations


You had 5 spell levels left.
You knew the following spells:

 Your Spells              Type           Power        Failure   Level  Hunger
a - Magic Dart            Conj           ###.         1%          1    None
r - Searing Ray           Conj           ###...       2%          2    ##.....


Dungeon Overview and Level Annotations

Branches:
Dungeon (3/15)

Altars:
Makhleb
Vehumet
Xom


Innate Abilities, Weirdness & Mutations

Your plain brown scales are hard. (AC +5)
You cannot fit into any form of body armour.
You are cold-blooded and may be slowed by cold attacks.


Message History

The river rat is heavily wounded.
The river rat bites you!
You closely miss the river rat.
The river rat is heavily wounded.
You are feeling hungry.
The river rat bites you.
* * * LOW HITPOINT WARNING * * *
The river rat misses you.
You closely miss the river rat.
Your tail-slap misses the river rat.
The river rat is heavily wounded.
The river rat bites you.
* * * LOW HITPOINT WARNING * * *
The river rat closely misses you.
You hit the river rat.
The river rat is severely wounded.
The river rat bites you.
* * * LOW HITPOINT WARNING * * *
The rat twitches its whiskers.
The river rat bites you.
You die...

###
#.#
#.#
#.#
#.#
#r#
#r#
#@#
#r#
#r#
#r#
#.#
#.#
#.#
#≈#


You could see 2 river rats and 3 rats.

Vanquished Creatures
  3 adders
  A river rat (D:3)
  2 oozes (D:2)
  A worm (D:3)
  6 leopard geckos
  2 ball pythons (D:3)
  4 bats
  2 giant cockroaches (D:1)
  5 goblins
  4 hobgoblins
  4 kobolds
  6 frilled lizards
  8 rats
48 creatures vanquished.

Notes
Turn   | Place    | Note
-------+----------+-------------------------------------------
     0 | D:1      | bli the Draconian Conjurer began the quest for the Orb.
     0 | D:1      | Reached XP level 1. HP: 14/14 MP: 3/3
   271 | D:1      | Reached XP level 2. HP: 22/22 MP: 1/5
   847 | D:1      | Learned a level 2 spell: Searing Ray
   904 | D:2      | Reached skill level 1 in Fighting
   904 | D:2      | Reached XP level 3. HP: 27/28 MP: 1/6
  1271 | D:2      | Found a burning altar of Makhleb.
  1274 | D:2      | Found a radiant altar of Vehumet.
  1278 | D:2      | Became a worshipper of Vehumet
  1282 | D:2      | Found a shimmering altar of Xom.
  1468 | D:2      | Found a burning altar of Makhleb.
  1468 | D:2      | Noticed a green death
  1538 | D:3      | Found a glowing drain.
  1543 | D:3      | Reached XP level 4. HP: 35/35 MP: 1/8
  1683 | Sewer    | Entered a sewer
  1695 | Sewer    | Slain by a river rat

Skill      XL: |  1  2  3 |
---------------+----------+-----
Fighting       | 1 |  1.2
Dodging        | 2 |  2.1
Maces & Flails | |  0.6
Stealth        | |  1.7
Spellcasting   | |  2.9
Conjurations   | |  4.8

Action                   |  1- 3 |  4- 6 || total
-------------------------+-------+-------++-------
Melee: Whip              |    26 |    19 ||    45
       Tailslap          |     1 |     1 ||     2
 Cast: Magic Dart        |    70 |    14 ||    84
  Eat: Chunk             |     3 |       ||     3
Armor: Skin              |     6 |     6 ||    12
Dodge: Dodged            |    18 |     8 ||    26
